 Dungeon Crawl Stone Soup version 0.21-a0-401-g0b6bec4 (webtiles) character file.

42 firefreeman the Covered (level 3, 0/31 HPs)
             Began as a Minotaur Fighter on Oct 25, 2017.
             Killed from afar by Sigmund (6 damage)
             ... with a magic dart
             ... on level 2 of the Dungeon.
             The game lasted 00:03:13 (957 turns).

firefreeman the Covered (Minotaur Fighter)           Turns: 957, Time: 00:03:14

Health: 0/31       AC:  7    Str: 21    XL:     3   Next: 33%
Magic:  2/2        EV:  7    Int:  5    God:
Gold:   91         SH:  9    Dex:  9    Spells: 2/2 levels left

rFire    . . .     SeeInvis .   a - +0 long sword
rCold    . . .     Gourm    .   c - +0 shield
rNeg     . . .     Faith    .   b - +0 scale mail
rPois    .         Spirit   .   (helmet restricted)
rElec    .         Reflect  .   (no cloak)
rCorr    .         Harm     .   (no gloves)
MR       .....                  (no boots)
Stlth    ..........             (no amulet)
HPRegen  0.10/turn              (no ring)
MPRegen  0.08/turn              (no ring)

@: no status effects
A: retaliatory headbutt, horns 2
a: no special abilities


You were on level 2 of the Dungeon.
You were not hungry.

You visited 1 branch of the dungeon, and saw 2 of its levels.

You collected 91 gold pieces.

Inventory:

Hand Weapons
 a - a +0 long sword (weapon)
Armour
 b - a +0 scale mail (worn)
 c - a +0 shield (worn)
Jewellery
 e - an uncursed ring of stealth {unknown}
Scrolls
 k - a scroll of enchant weapon {unknown}
 l - a scroll of fear {unknown}
 n - a scroll of noise {unknown}
Potions
 d - a potion of might
 g - a potion of lignification {unknown}
 h - a potion of heal wounds {unknown}
 i - 3 potions of agility {unknown}
 m - a potion of degeneration {unknown}
Comestibles
 f - 2 bread rations


   Skills:
 - Level 3.6 Fighting
 + Level 3.0 Long Blades
 + Level 4.4 Armour
 + Level 0.7 Dodging
 + Level 4.1 Shields


You had 2 spell levels left.
You didn't know any spells.

Dungeon Overview and Level Annotations

Branches:
Dungeon (2/15)

Altars:

Annotations:
D:2 Sigmund


Innate Abilities, Weirdness & Mutations

You reflexively headbutt those who attack you in melee.
You have a pair of horns on your head.


Message History

You feel sick.
You hear some strange, mumbled words.
You are confused.
Something hits you.
You bump into the rock wall.
Something hits you. Something hits you.
You feel sick.
A magic dart appears from out of thin air!
The magic dart hits you!
* * * LOW HITPOINT WARNING * * *
You start resting.
You feel less confused. You block something's attack.
You start resting.
You feel sick.
You are no longer poisoned.
You start resting.
A magic dart appears from out of thin air!
The magic dart hits you!
You die...

#.# #.# # #.# #
#.# #
####.#########
#
#............#
#
#............#
#.####
#..............
......
#.....@......##
#.####
##############


There were no monsters in sight!

Vanquished Creatures
  An adder (D:2)
  An ooze (D:2)
  A leopard gecko (D:1)
  3 bats (D:1)
  3 giant cockroaches
  6 goblins
  2 hobgoblins (D:1)
  2 frilled lizards (D:1)
  5 kobolds (D:2)
  4 rats (D:1)
28 creatures vanquished.

Notes
Turn   | Place    | Note
-------+----------+-------------------------------------------
     0 | D:1      | firefreeman the Minotaur Fighter began the quest for the Orb.
     0 | D:1      | Reached XP level 1. HP: 19/19 MP: 0/0
   157 | D:1      | Reached XP level 2. HP: 26/26 MP: 1/1
   911 | D:2      | Reached XP level 3. HP: 30/31 MP: 2/2
   940 | D:2      | Noticed Sigmund
   957 | D:2      | Killed from afar by Sigmund

Vault maps used:
D:1:      evilmike_arrival_come_back
D:2:      lemuel_doored_altar, lexackson_kobold_supper, uniq_robin,
          uniq_sigmund, uniq_jessica

Skill      XL: |  1  2  3 |
---------------+----------+-----
Armour         | 4 |  4.4
Shields        | 4 |  4.1
Long Blades    | 3 |  3.0
Fighting       | |  3.6
Dodging        | |  0.7

Action                   || total
-------------------------++-------
Melee: Long sword        ||    76
       Headbutt          ||    11
Armor: Scale mail        ||    27
Dodge: Dodged            ||    27
Block: Shield            ||    43
       Rpst.: Long sword ||     7

Table legend:
 A = Spawn XP
 B = Non-spawn XP
 C = Spawn XP percentage of total XP
 D = Spawn monster count
 E = Non-spawn monster count
 F = Spawn count percentage of total count
 G = Total turns spent on level
                    A         B        C        D         E        F      G
               +---------+---------+-------+---------+---------+-------+---------
         Total |       0 |      60 |   0.0 |       0 |      28 |   0.0 |   957
               +---------+---------+-------+---------+---------+-------+---------
           D:1 |       0 |      31 |   0.0 |       0 |      19 |   0.0 |   748
           D:2 |       0 |      29 |   0.0 |       0 |       9 |   0.0 |   209
               +---------+---------+-------+---------+---------+-------+---------
